 Dungeon Crawl Stone Soup version 0.29.1-1-gd02db6906a (webtiles) character file.

Game seed: 7432387578475377697

5838 quakins the Severer (level 10, -3/115 HPs)
             Began as a Minotaur Berserker on Oct 2, 2022.
             Was an Elder of Trog.
             Killed by nerve-wracking pain
             ... invoked by an orc priest
              (13 damage)
             ... on level 9 of the Dungeon.
             The game lasted 00:25:43 (8697 turns).

quakins the Severer (Minotaur Berserker)            Turns: 8697, Time: 00:25:43

Health: -3/115     AC: 13    Str: 40    XL:     10   Next: 51%
Magic:  9/9        EV:  7    Int:  4    God:    Trog [****..]
Gold:   494        SH:  6    Dex:  9    Spells: 9/9 levels left

rFire   . . .      SeeInvis .   u - +3 war axe (spect)
rCold   . . .      Faith    .   x - +0 kite shield
rNeg    . . .      Spirit   .   E - +0 plate armour
rPois   .          Reflect  .   (helmet restricted)
rElec   .          Harm     .   (no cloak)
rCorr   .          Rampage  .   h - +1 pair of gloves of Lust {-Tele Str+7}
Will    .....      NoTele   +   (no boots)
Stlth   ..........              r - amulet of regeneration
HPRegen 1.09/turn               t - +6 ring of strength
MPRegen 0.11/turn               (no ring)

@: berserking, very quick
A: horns 2, retaliatory headbutt
a: Renounce Religion, Berserk, Trog's Hand, Brothers in Arms


You were on level 9 of the Dungeon.
You worshipped Trog.
Trog was greatly pleased with you.
You visited 1 branch of the dungeon, and saw 9 of its levels.

You collected 494 gold pieces.

Inventory:

Hand Weapons
 n - a +0 battleaxe
 u - a +3 spectral war axe (weapon)
Armour
 h - the +1 pair of gloves of Lust (worn) {-Tele Str+7}
   (You found it on level 3 of the Dungeon)

   Str:       It affects your strength (+7).
   -Tele:     It prevents most forms of teleportation.
 x - a +0 kite shield (worn)
 B - a +2 buckler
 E - a +0 plate armour (worn)
Jewellery
 r - an amulet of regeneration (around neck)
 t - a +6 ring of strength (left hand)
Wands
 A - a wand of charming (4)
 C - a wand of roots (3)
Scrolls
 a - 8 scrolls of teleportation
 e - a scroll of identify
 f - a scroll of torment {unknown}
 g - 3 scrolls of vulnerability
 v - a scroll of butterflies
 y - a scroll of immolation
Potions
 b - 3 potions of ambrosia
 c - 3 potions of curing
 d - 2 potions of attraction
 i - 4 potions of lignification
 j - 3 potions of berserk rage
 k - 3 potions of cancellation
 l - 3 potions of degeneration
 m - a potion of flight
 o - 2 potions of mutation
 q - 2 potions of might
 s - 2 potions of resistance
 D - a potion of magic


   Skills:
 - Level 3.6 Fighting
 + Level 18.5 Axes
 - Level 2.4 Armour
 - Level 2.1 Dodging


You had 9 spell levels left.
You didn't know any spells.
Your spell library was empty.

Dungeon Overview and Level Annotations

Branches:
Dungeon (9/15)             Temple (0/1) D:7
   Lair: D:8-11         Orc: D:9-12

Altars:
Cheibriados
Elyvilon
Gozag
Nemelex Xobeh
Sif Muna
Wu Jian
Xom
Yredelemnul

Shops:
D:1 (   D:3 *

Annotations:
D:3 1 transporter


Innate Abilities, Weirdness & Mutations

You have a pair of horns on your head.
You reflexively headbutt those who attack you in melee.


Message History

The orc hits you with a +0 short sword.
* * * LOW HITPOINT WARNING * * *
The orc warrior closely misses you. You furiously retaliate!
You headbutt the orc warrior!
The orc priest looks encouraged for a moment.
An orc comes into view. It is wielding a +2 vorpal hand axe.
Things that are here:
a +0 hand axe; a +0 plate armour; an orc corpse You hit the orc warrior but do no damage.
The orc warrior is heavily wounded.
You slash the orc!
You kill the orc!
Trog accepts your kill.
Your +3 spectral war axe completely misses the orc warrior.
The orc priest looks encouraged for a moment.
You block the orc warrior's attack.
You hit the orc warrior.
The orc warrior is heavily wounded.
Your +3 spectral war axe closely misses the orc warrior.
You slash the orc warrior! Your headbutt misses the orc warrior.
The orc warrior is almost dead.
Your +3 spectral war axe hits the orc warrior!
You feel the power of Trog in you as your rage grows.
You kill the orc warrior!
Trog accepts your kill.
The orc priest invokes the aid of Beogh against you.
You struggle to resist.
The orc priest invokes the aid of Beogh against something.
Beogh smites you!
* * * LOW HITPOINT WARNING * * *
You slice the orc warrior!!
You headbutt the orc warrior, but do no damage.
The orc warrior is severely wounded.
Your +3 spectral war axe hits the orc warrior!!
You kill the orc warrior!
Trog accepts your kill.
Found a roughly hewn altar of Beogh.
The orc priest mumbles some strange prayers to Beogh against you.
Pain shoots through your body!
You die...

##........††.........##..
#...................##..
##.........>.........#8.
#...[...............###
#...).))..........).###
#...............>......
##..)..)§...............
#....)).)...............
#.....)§@#o..#####.....##
#........o#...# #.######
#........o....# #.######
#..........o.... ........
#.......##8o8#####8+8##...
######..#


oo.. #... ### ..... #... ..⌠.._ ###. ## You could see 2 orc priests and 4 orcs.

Vanquished Creatures
  A cyclops (D:9)
  2 unseen horrors
  Maggie (D:6)
  Sigmund (D:5)
  A wyvern (D:9)
  A steam dragon (D:8)
  Grum (D:8)
  Menkaure (D:5)
  An acid dragon (D:9)
  3 water moccasins
  A sky beast (D:7)
  3 ice beasts
  5 orc warriors
  2 black bears
  3 wolves (D:8)
  2 ogres
  A centaur (D:9)
  2 phantoms (D:5)
  2 kobold brigands
  4 scorpions
  4 wights
  13 killer bees
  3 hounds
  5 jellies
  3 orc priests
  4 iguanas
  5 orc wizards
  5 adders
  3 white imps
  3 worms
  2 dart slugs
  29 orcs
  3 endoplasms
  3 giant cockroaches (D:2)
  6 goblins
  6 hobgoblins
  2 jackals (D:1)
  A quokka (D:2)
  8 ball pythons
  7 bats
  5 frilled lizards
  13 kobolds
  4 rats (D:2)
175 creatures vanquished.

Vanquished Creatures (others)
  An orc warrior (D:8)
  A centaur (D:8)
  2 bullfrogs (D:8)
  A howler monkey (D:8)
  An orc (D:8)
  5 plants (D:7)
11 creatures vanquished.

Grand Total: 186 creatures vanquished

Notes
Turn   | Place    | Note
-------+----------+-------------------------------------------
     0 | D:1      | quakins the Minotaur Berserker began the quest for the Orb.
     0 | D:1      | Reached XP level 1. HP: 19/19 MP: 0/0
   321 | D:1      | Reached skill level 4 in Axes
   367 | D:1      | Reached XP level 2. HP: 26/26 MP: 1/1
   650 | D:1      | Found Gaumeaxy's Antique Weapon Shop.
   762 | D:1      | Reached skill level 5 in Axes
  1016 | D:1      | Reached XP level 3. HP: 31/31 MP: 2/2
  1495 | D:2      | Reached ** piety under Trog
  1947 | D:2      | Reached skill level 6 in Axes
  1947 | D:2      | Reached XP level 4. HP: 39/39 MP: 3/3
  2320 | D:3      | Identified the +1 pair of gloves of Lust {-Tele Str+7}
  2418 | D:3      | Found Tegeowell's Assorted Antiques.
  2434 | D:3      | Found a snail-covered altar of Cheibriados.
  2520 | D:3      | Reached XP level 5. HP: 34/45 MP: 1/4
  2689 | D:3      | Found an opulent altar of Gozag.
  2689 | D:3      | Found a basalt altar of Yredelemnul.
  2721 | D:3      | Found a sparkling altar of Nemelex Xobeh.
  2721 | D:3      | Found a transporter.
  2723 | D:3      | Noticed a sky beast
  2799 | D:3      | Reached skill level 7 in Axes
  3285 | D:4      | Found a white marble altar of Elyvilon.
  3627 | D:4      | Found an ornate altar of the Wu Jian Council.
  3668 | D:4      | Noticed a black bear
  3675 | D:4      | Killed a black bear
  3676 | D:4      | Reached skill level 8 in Axes
  3676 | D:4      | Reached XP level 6. HP: 51/51 MP: 5/5
  3753 | D:5      | Entered Level 5 of the Dungeon
  3872 | D:5      | Reached skill level 9 in Axes
  3876 | D:5      | Noticed Sigmund
  3885 | D:5      | Killed Sigmund
  3886 | D:5      | Reached XP level 7. HP: 57/57 MP: 6/6
  3936 | D:5      | Reached skill level 10 in Axes
  4106 | D:5      | Reached skill level 11 in Axes
  4371 | D:5      | Noticed Menkaure
  4378 | D:5      | Killed Menkaure
  4379 | D:5      | Reached XP level 8. HP: 64/64 MP: 7/7
  4744 | D:6      | Noticed Maggie
  4757 | D:6      | Killed Maggie
  4758 | D:6      | Reached skill level 12 in Axes
  4992 | D:6      | Reached skill level 13 in Axes
  5735 | D:7      | Killed an unseen horror
  5736 | D:7      | Reached skill level 14 in Axes
  5736 | D:7      | Reached XP level 9. HP: 70/70 MP: 8/8
  5861 | D:7      | Found a staircase to the Ecumenical Temple.
  5948 | D:7      | Found Ybiroat's Jewellery Shop.
  5988 | D:7      | Reached *** piety under Trog
  5999 | D:7      | Reached skill level 15 in Axes
  6139 | D:7      | Found a shimmering blue altar of Sif Muna.
  6153 | D:7      | Identified the +7 great mace of Foudoa {flame, rN+ Will+}
  6601 | D:8      | Identified the +10 whip of Integrity {freeze, Fragile
                  | Dex+6}
  6622 | D:8      | Found a shimmering altar of Xom.
  6701 | D:8      | Reached skill level 16 in Axes
  6761 | D:8      | Identified the +9 falchion "Fotuy" {pain, rPois rC+ rCorr
                  | Stlth-}
  7085 | D:8      | Noticed Grum
  7093 | D:8      | Killed Grum
  7499 | D:8      | Reached skill level 17 in Axes
  7571 | D:8      | Reached XP level 10. HP: 68/77 MP: 9/9
  7966 | D:9      | Noticed a cyclops
  8282 | D:9      | Killed a cyclops
  8420 | D:9      | Reached skill level 18 in Axes
  8440 | D:9      | Reached **** piety under Trog
  8697 | D:9      | Killed from afar by an orc priest

Illustrated notes

Levels and vault maps discovered:
D:1:      minmay_arrival_nine_rooms, layout_basic, serial_shops, shop
D:2:      layout_basic, minmay_randomly_rotated_circles
D:3:      layout_rooms, mainiacjoe_overflow_paths,
          gammafunk_temple_overflow_wave, grunt_nemelex_the_gamble,
          serial_shops, nicolae_shop_advertising_works
          [nicolae_subvault_shop_adworks]
D:4:      nicolae_cairo_tiling_very_big, layout_gridville,
          mainiacjoe_overflow_cross_hatched, elyvilon_altar_5,
          chequers_serial_rivers_micro_e
D:5:      layout_basic, nicolae_titane, uniq_sigmund, uniq_menkaure
D:6:      layout_basic, st_stairs_1, uniq_maggie
D:7:      layout_loops_ring, kennysheep_mini_moat, minmay_temple_entry_grid,
          serial_bayou_pond_a, nicolae_inconvenience_store, grunt_ministairs_1,
          minivault_10
D:8:      layout_basic, xom_confusion_cloud, roderic_lattice_a,
          kennysheep_generic_room_12, uniq_grum
D:9:      hellmonk_crumbling_castle, layout_cross, grunt_dithmenos_shadows,
          david_orc_5

Skill      XL: |  1  2  3  4  5  6  7  8  9 10 |
---------------+-------------------------------+-----
Axes           | 4 5 6 8 9 11 14 17 18 | 18.5
Fighting       | |  3.6
Armour         | |  2.4
Dodging        | |  2.1

Action                   |  1- 3 |  4- 6 |  7- 9 | 10-12 || total
-------------------------+-------+-------+-------+-------++-------
Melee: Hand axe          |    88 |    14 |       |       ||   102
       Headbutt          |    12 |    10 |    18 |     4 ||    44
       War axe           |       |    46 |   139 |    50 ||   235
       Punch             |       |       |     1 |       ||     1
Invok: Berserk           |     1 |     2 |     5 |     3 ||    11
       Trog's Hand       |       |     1 |     2 |       ||     3
  Use: Scroll            |     4 |     6 |       |    13 ||    23
 Stab: Distracted        |       |       |       |     1 ||     1
Armor: Animal skin       |     9 |       |       |       ||     9
       Scale mail        |    37 |    29 |     9 |       ||    75
       Leather armour    |     2 |       |       |       ||     2
       Chain mail        |       |       |    29 |       ||    29
       Plate armour      |       |       |       |    53 ||    53
Dodge: Dodged            |    59 |    35 |    45 |    16 ||   155
Block: Kite shield       |       |       |    28 |    14 ||    42
